nyob, lawful male human Monk ---- ------- --..-- --<.|..| -->...| --......-- |...|.--- |........| |.--|...| |..*|...G------ |------.| -.------.@.|..---.|.--|.| .. ---............|.| -- |..............| --%............| |.............| --..%..........| |..............| |..............| --...........-.| ---...........| |............| |-..........-| |............| --.-----.--.-- --- ------ nyob the Novice Experience level: 3 Strength: 15 Dexterity: 14 Constitution: 11 Intelligence: 11 Wisdom: 17 Charisma: 8 Health: 0(34) Energy: 11(18) Def: 6 Gold: 673 Moves: 856 Dungeon seed: IJX_RoRmOrGjtZED Game ID: nyob_1520625305 Your Inventory: Coins $ - 673 gold pieces Armor e - an uncursed +2 pair of leather gloves (being worn) n - an uncursed +1 robe (being worn) Comestibles d - 5 uncursed food rations f - 6 uncursed apples g - 5 uncursed oranges h - an uncursed fortune cookie l - an uncursed egg Spellbooks a - a blessed spellbook of sleep q - an uncursed spellbook of slow monster Potions c - 2 uncursed potions of healing j - an uncursed potion of extra healing t - a blessed potion of restore ability Rings k - a cursed ring of hunger Wands i - a wand of enlightenment (0:14) m - a wand of sleep (0:4) Tools u - an uncursed tin whistle Spells and supernatural/magical abilities: Name Level Category Fail Memory s - slow monster 2 enchantment 20% 100% z - sleep 1 enchantment 0% 56% W - pray for help -- divine ? -- Your skills at the end: Fighting Skills martial arts [Basic] Weapon Skills Spellcasting Skills healing spells [Basic] Final Attributes: You were piously aligned. You were sleep resistant. You were poison resistant. You saw invisible. You were fast. You are dead. Vanquished creatures: 2 gnome lords a little dog 3 giant rats a yellow mold 2 gnomes 2 geckos 3 jackals a fox a kobold a sewer rat 5 grid bugs 22 creatures vanquished. Voluntary challenges: You were vegetarian. You were an atheist. You never hit with a wielded weapon. You read items or engraved 7 times, starting on turn 266. You never genocided any monsters. You never polymorphed an object. You never changed form. You used no wishes. You never split a pudding. You never wrote Elbereth's name. You never violated your personal moral code. Dungeon overview: The Dungeons of Doom: levels 1 to 3 Level 1 a long staircase Level 2 some fountains Level 3 a fountain, a sink stairs to The Gnomish Mines The Gnomish Mines: Level 4 <- You were here stairs to The Dungeons of Doom History has recorded: On T:1 you entered the Dungeons of Doom to retrieve the Amulet of Yendor! On T:239 you reached level 2 of The Dungeons of Doom. On T:477 you reached level 3 of The Dungeons of Doom. On T:501 you advanced to experience level 2. On T:780 you reached level 1 of The Gnomish Mines. On T:786 you advanced to experience level 3. Score breakdown: Gold: 673 ( 9622 points) Experience: 3 levels ( 7878 points) Exploration: 4 levels ( 7.84%) ( 7348 points) Discoveries: 9 items ( 3.21%) ( 5378 points) Valuables value: (no points given unless you survive) Artifact value: 0 ( 0 points) Variety of kills: 11 monsters ( 2.89%) ( 5097 points) Turncount: 856 turns ( 0 points) Survival: died (score multiplied by 80%) Total score: 28258 Latest messages: You produce a high whistling sound. The gnome king picks up a thonged club. The sleep ray hits the gnome king. The sleep ray bounces! (2x) You hit the gnome king. The gnome king wields a thonged club! You miss the gnome king. The gnome king swings his thonged club. The gnome king hits! You hit the gnome king! (2x) The gnome king swings his thonged club. The gnome king hits! You hit the gnome king. The gnome king swings his thonged club. The gnome king hits! The sleep ray hits the gnome king. The sleep ray bounces! You hit the gnome king. The gnome king swings his thonged club. The gnome king hits! You die... Final status: Goodbye nyob the Monk, killed by a gnome king... You died in The Gnomish Mines on dungeon level 4 with 28258 points, and 673 pieces of gold, after 856 moves. You were level 3 with a maximum of 34 hit points when you died.